 Dungeon Crawl Stone Soup version 0.31-a0-507-gbafd7f5274 (webtiles) character file.

Game seed: 12738015332041209980

128 pascalblue the Conjurer (level 4, -5/24 HPs)
             Began as a Deep Elf Conjurer on Aug 9, 2023.
             Killed from afar by an orc wizard (9 damage)
             ... with a magic dart
             ... on level 3 of the Dungeon.
             The game lasted 00:07:40 (1994 turns).

pascalblue the Conjurer (Deep Elf Conjurer)         Turns: 1994, Time: 00:07:40

Health: -5/24      AC:  8    Str:  4    XL:     4   Next: 87%
Magic:  2/11       EV: 12    Int: 25    God:
Gold:   83         SH:  0    Dex: 13    Spells: 7/10 levels left

rFire   . . .        w - +2 dagger (venom)
rCold   . . .        (no shield)
rNeg    . . .        a - +0 robe
rPois   .            (no helmet)
rElec   .            f - +0 cloak
rCorr   .            (no gloves)
SInv    .            c - +0 pair of boots
Will    .....        (no amulet)
Stlth   ++           n - +4 ring of protection
HPRegen 0.24/turn    (no ring)
MPRegen 0.12/turn

%: no passive effects
@: no status effects
A: no striking features
a: no special abilities


You were on level 3 of the Dungeon.
You visited 1 branch of the dungeon, and saw 3 of its levels.

You collected 83 gold pieces.

Inventory:

Hand Weapons
 w - a +2 dagger of venom (weapon)
Armour
 a - a +0 robe (worn)
 c - a +0 pair of boots (worn)
 f - a +0 cloak (worn)
Jewellery
 l - a +6 ring of strength
 n - a +4 ring of protection (left hand)
Talismans
 g - a flux talisman
Wands
 s - a wand of flame (17)
Scrolls
 d - 2 scrolls of amnesia {unknown}
 i - a scroll of brand weapon {unknown}
 j - 2 scrolls of teleportation {unknown}
 o - a scroll of vulnerability {unknown}
 r - 2 scrolls of identify {unknown}
 t - a scroll of immolation {unknown}
 u - a scroll of enchant armour {unknown}
Potions
 b - 2 potions of magic
 e - a potion of mutation {unknown}
 h - a potion of cancellation {unknown}
 k - a potion of degeneration {unknown}
 m - 2 potions of berserk rage {unknown}
 p - a potion of attraction {unknown}
 q - a potion of curing {unknown}
 v - a potion of invisibility {unknown}


   Skills:
 - Level 2.6 Dodging
 - Level 2.8 Stealth
 + Level 3.8 Spellcasting
 * Level 6.1 Conjurations
 * Level 1.0 Shapeshifting


You had 7 spell levels left.
You knew the following spells:

 Your Spells              Type           Power      Damage    Failure   Level
a - Magic Dart            Conj           100%       1d8       1%          1
b - Searing Ray           Conj           70%        2d7       1%          2

Your spell library contained the following spells:

 Spells                   Type           Power      Damage    Failure   Level
 Dazzling Flash           Conj/Hex       40%        N/A       8%          3
 Lesser Beckoning         Tloc           8%         N/A       14%         2
 Fulminant Prism          Conj/Hex       10%        3d9       26%         4
 Iskenderun's Mystic Bla  Conj/Tloc      20%        2d6       26%         4
 Gell's Gravitas          Tloc           4%         N/A       28%         3
 Teleport Other           Tloc           4%         N/A       28%         3


Dungeon Overview and Level Annotations

Branches:
Dungeon (3/15)

Altars:


Message History

Press: ? - help, Shift-Dir - straight line (Press . to maintain the ray.)
The searing ray hits something.
The searing ray hits the orc priest!
You kill the orc priest!
Your Conjurations skill increases to level 6!
Your Shapeshifting skill increases to level 1!
You start resting.
There is a strange disturbance nearby!
Unknown command.
Casting: Searing Ray (safe; 1% risk of failure)
Confirm with . or Enter, or press ? or * to list all spells.
Okay, then.
Casting: Searing Ray (safe; 1% risk of failure)
Confirm with . or Enter, or press ? or * to list all spells.
Aiming: Searing Ray (safe; 1% risk of failure)
Press: ? - help, Shift-Dir - straight line (Press . to maintain the ray.)
Something hits you.
* * * LOW HITPOINT WARNING * * *
You hear some strange, mumbled words.
You are confused.
An orc wizard appears from thin air!
Reactivating autopickup.
The orc wizard hits you but does no damage.
You miss the orc wizard.
The orc wizard is moderately wounded.
The orc wizard hits you but does no damage.
You bump into the rock wall.
The orc wizard barely misses you.
You hit the orc wizard.
The orc wizard is poisoned.
The orc wizard is heavily wounded.
The orc wizard hits you but does no damage.
You hit the orc wizard but do no damage.
The orc wizard looks as sick as possible!
The orc wizard is heavily wounded.
You feel less confused. The orc wizard closely misses you.
The orc wizard casts a spell at you. The magic dart hits you!
You die...

##..........##.# ##........
#..##.......##.# #.........
##.###..........###.......##
##.........>..#..##÷.......#
##..####.^..#.###.<.÷.........
....# ####.#...#....##......#
. ....# #...#............#.#
#. ....# ###.##.##.###.####..
.. #############...@...##..#
##..
).........##.o..#.#######...
......÷...#####.#...... ....
.....÷..........)..### #...
.....................####.o.
.........######o..##.##...#.
.........# #†.###.)..###
.........# ###...........#
.........# #...###....##.##


You could see an orc wizard (extremely poisoned).

Vanquished Creatures
  An orc priest (D:3)
  3 adders
  2 dart slugs
  3 orcs (D:3)
  5 ball pythons
  8 endoplasms
  9 giant cockroaches
  2 goblins
  6 hobgoblins
  2 jackals (D:3)
  3 quokkas
  3 bats (D:1)
  4 frilled lizards
  3 kobolds
  6 rats
60 creatures vanquished.

Notes
Turn   | Place    | Note
-------+----------+-------------------------------------------
     0 | D:1      | pascalblue the Deep Elf Conjurer began the quest for the
                  | Orb.
     0 | D:1      | Reached XP level 1. HP: 10/10 MP: 6/6
   139 | D:1      | Reached XP level 2. HP: 15/15 MP: 6/8
   142 | D:1      | Learned a level 2 spell: Searing Ray
   173 | D:1      | Found a faded altar of an unknown god.
   697 | D:1      | Reached XP level 3. HP: 19/19 MP: 5/9
   816 | D:1      | Reached skill level 5 in Conjurations
   976 | D:2      | Identified the +0 scale mail of the Learner {rC+}
  1634 | D:3      | Reached XP level 4. HP: 24/24 MP: 2/11
  1984 | D:3      | Reached skill level 6 in Conjurations
  1984 | D:3      | Reached skill level 1 in Shapeshifting
  1994 | D:3      | Killed from afar by an orc wizard

Illustrated notes

Levels and vault maps discovered:
D:1:      amcnicky_arrival_flooded_fountain, layout_loops_ring,
          chequers_ecumenical_altar_simple, minmay_split_cup_small
D:2:      minmay_roachtagon, layout_rooms
D:3:      layout_rooms, hex_large, grunt_ministairs_12

Skill      XL: |  1  2  3  4 |
---------------+-------------+-----
Conjurations   | 5 6 |  6.1
Shapeshifting  | 1 |  1.0
Dodging        | |  2.6
Stealth        | |  2.8
Spellcasting   | |  3.8

Action                     |  1- 3 |  4- 6 || total
---------------------------+-------+-------++-------
  Melee: Dagger            |       |     3 ||     3
   Cast: Magic Dart        |    88 |    22 ||   110
         Searing Ray       |       |     3 ||     3
 Armour: Robe              |     1 |     3 ||     4
  Dodge: Dodged            |     2 |     2 ||     4

Table legend: (Time is in decaauts)
 A = Elapsed time spent in this place.
 B = Non-inter-level travel time spent in this place.
 C = Inter-level travel time spent in this place.
 D = Time resting spent in this place.
 E = Time spent auto-exploring this place.
 F = Levels seen in this place.
 G = Mean time per level.
                   A        B        C        D        E       F      G
               +--------+--------+--------+--------+--------+-----+--------+
         Total |   1992 |   1946 |     46 |      6 |   1641 |   3 |  664.0 |
       Dungeon |   1992 |   1946 |     46 |      6 |   1641 |   3 |  664.0 |
               +--------+--------+--------+--------+--------+-----+--------+

Top non-repeatable levels by time:
     D:1: 962 daAuts
     D:2: 660 daAuts
     D:3: 370 daAuts
